 Dungeon Crawl Stone Soup version 0.28-a0-851-g8b9cc49659 (webtiles) character file.

Game seed: 6673552219762928536

21 jasper the Conjurer (level 2, -2/19 HPs)
             Began as a Demonspawn Conjurer on Nov 15, 2021.
             Succumbed to an adder's poison
             ... on level 3 of the Dungeon.
             The game lasted 00:01:22 (1322 turns).

jasper the Conjurer (Demonspawn Conjurer)           Turns: 1322, Time: 00:01:23

Health: -2/19      AC:  2    Str:  7    XL:     2   Next: 62%
Magic:  1/5        EV: 12    Int: 19    God:
Gold:   49         SH:  0    Dex: 11    Spells: 4/5 levels left

rFire   . . .      SeeInvis .   c - +0 spear
rCold   . . .      Faith    .   (no shield)
rNeg    . . .      Spirit   .   a - +0 robe
rPois   .          Reflect  .   (helmet restricted)
rElec   .          Harm     .   (no cloak)
rCorr   .          Rampage  .   (no gloves)
Will    .....                   (no boots)
Stlth   ++........              (no amulet)
HPRegen 0.06/turn               (no ring)
MPRegen 0.09/turn               (no ring)

@: lethally poisoned (-2 -> -11)
A: horns 1
a: no special abilities


You were on level 3 of the Dungeon.
You visited 1 branch of the dungeon, and saw 3 of its levels.

You collected 49 gold pieces.

Inventory:

Hand Weapons
 c - a +0 spear (weapon)
Missiles
 d - 63 stones
Armour
 a - a +0 robe (worn)
Potions
 b - a potion of heal wounds
 f - a potion of curing {unknown}


   Skills:
 - Level 1.7 Dodging
 - Level 1.7 Stealth
 * Level 1.2 Unarmed Combat
 - Level 2.0 Spellcasting
 - Level 4.4 Conjurations


You had 4 spell levels left.
You knew the following spells:

 Your Spells              Type           Power      Damage    Failure   Level
a - Magic Dart            Conj           72%        1d6       2%          1

Your spell library contained the following spells:

 Spells                   Type           Power      Damage    Failure   Level
 Searing Ray              Conj           36%        2d5       4%          2
 Dazzling Flash           Conj/Hex       20%        N/A       21%         3
 Portal Projectile        Hex/Tloc       2%         N/A       45%         3
 Fulminant Prism          Conj/Hex       5%         3d7       56%         4
 Iskenderun's Mystic Bla  Conj/Tloc      10%        2d4       56%         4
 Blade Hands              Tmut           0%         N/A       99%         5
 Excruciating Wounds      Necr           0%         N/A       99%         5


Dungeon Overview and Level Annotations

Branches:
Dungeon (3/15)

Altars:

Shops:
D:1 ?

Annotations:
D:2 Terence


Innate Abilities, Weirdness & Mutations

You have a pair of small horns on your head.


Message History

The magic dart hits the hobgoblin.
You kill the hobgoblin!
You now have 1/5 mp.
Aiming: Magic Dart (safe; 2% risk of failure)
Press: ? - help, Q - select action, (/) - cycle Shift-Dir - straight line, f - adder
Aim: an adder (100% to hit)
The magic dart hits the adder but does no damage.
The adder barely misses you.
You now have 0/5 mp.
You don't have enough magic to cast this spell.
You don't have enough magic to cast this spell.
You don't have enough magic to cast this spell.
You don't have enough magic to cast this spell.
You closely miss the adder. The adder barely misses you.
The adder completely misses you.
You barely miss the adder. The adder bites you.
You are poisoned.
The adder poisons you!
Your magical contamination has completely faded away.
You take 1 damage, and have 15/19 hp.
You hit the adder. Your headbutt misses the adder.
The adder is moderately wounded.
You feel sick. The adder barely misses you. The adder closely misses you.
You take 2 damage, and have 13/19 hp.
You hit the adder. Your headbutt misses the adder.
The adder is heavily wounded.
You feel sick. The adder bites you.
You take 5 damage, and have 8/19 hp.
MASSIVE DAMAGE!!
You hit the adder.
The adder is severely wounded.
You feel sick. The adder bites you.
* * * LOW HITPOINT WARNING * * *
You are lethally poisoned!
The adder poisons you! The adder bites you.
* * * LOW HITPOINT WARNING * * *
You take 7 damage, and have 1/19 hp.
MASSIVE DAMAGE!!
You closely miss the adder.
You headbutt the adder, but do no damage.
The adder is severely wounded.
You die...

....... .......
# ....... #.
....... #..
....^<. #.#
K......
#..##SK...#
#..@# ###.##
#..# ##(###
#...######
#######......#
#...>........#
#............#
#............##


You could see an adder and 2 kobolds.

Vanquished Creatures
  A worm (D:2)
  A dart slug (D:1)
  A bat (D:2)
  2 giant cockroaches
  2 hobgoblins
  A kobold (D:1)
  3 quokkas
  3 rats (D:1)
14 creatures vanquished.

Notes
Turn   | Place    | Note
-------+----------+-------------------------------------------
     0 | D:1      | jasper the Demonspawn Conjurer began the quest for the Orb.
     0 | D:1      | Reached XP level 1. HP: 13/13 MP: 3/3
   453 | D:1      | Found Hedoet's Magic Scroll Shoppe.
   470 | D:1      | Discovered your monstrous ancestry.
   470 | D:1      | Gained mutation: You have a pair of small horns on your
                  | head. [demonic ancestry]
   470 | D:1      | Reached XP level 2. HP: 19/19 MP: 0/5
  1031 | D:1      | Found a faded altar of an unknown god.
  1105 | D:2      | Reached skill level 1 in Unarmed Combat
  1162 | D:2      | Noticed Terence
  1322 | D:3      | Succumbed to an adder's poison

Illustrated notes

Levels and vault maps discovered:
D:1:      dpeg_arrival_rooms_b, layout_basic, serial_shops, nicolae_shop_stone,
          shapermc_ecumenical_altar_hornbeckon, hex_medium
D:2:      layout_basic, uniq_terence
D:3:      layout_rooms, chequers_temple_overflow_statue_of_worship,
          minmay_rat_hole, uniq_sigmund, uniq_grinder

Skill      XL: |  1  2 |
---------------+-------+-----
Unarmed Combat | 1 |  1.2
Dodging        | |  1.7
Stealth        | |  1.7
Spellcasting   | |  2.0
Conjurations   | |  4.4

Action                   || total
-------------------------++-------
Melee: Spear             ||    17
       Headbutt          ||     2
 Cast: Magic Dart        ||    35
  Use: Scroll            ||     1
       Potion            ||     1
Armor: Robe              ||     2
Dodge: Dodged            ||    12

Table legend: (Time is in decaauts)
 A = Elapsed time spent in this place.
 B = Non-inter-level travel time spent in this place.
 C = Inter-level travel time spent in this place.
 D = Time resting spent in this place.
 E = Time spent auto-exploring this place.
 F = Levels seen in this place.
 G = Mean time per level.
                   A        B        C        D        E       F      G
               +--------+--------+--------+--------+--------+-----+--------+
         Total |   1332 |   1293 |     39 |     52 |   1120 |   3 |  444.0 |
       Dungeon |   1332 |   1293 |     39 |     52 |   1120 |   3 |  444.0 |
               +--------+--------+--------+--------+--------+-----+--------+

Top non-repeatable levels by time:
     D:1: 1072 daAuts
     D:3: 139 daAuts
     D:2: 120 daAuts
